 Dungeon Crawl Stone Soup version 0.21.1-1-g345015f (webtiles) character file.

119 shakethe the Chopper (level 5, -7/32 HPs)
             Began as a Gargoyle Fighter on Feb 15, 2018.
             Killed from afar by an orc wizard (9 damage)
             ... with a magic dart
             ... on level 3 of the Dungeon.
             The game lasted 00:02:43 (2143 turns).

shakethe the Chopper (Gargoyle Fighter)             Turns: 2143, Time: 00:02:44

Health: -7/32      AC: 13    Str: 20    XL:     5   Next: 3%
Magic:  5/5        EV:  7    Int:  9    God:
Gold:   120        SH:  6    Dex:  9    Spells: 4/4 levels left

rFire    . . .     SeeInvis .   a - +0 war axe
rCold    . . .     Gourm    .   g - +2 buckler
rNeg     + . .     Faith    .   r - +0 chain mail
rPois    ∞         Spirit   .   (no helmet)
rElec    +         Reflect  .   (no cloak)
rCorr    .         Harm     .   (no gloves)
MR       .....                  (no boots)
Stlth    ..........             (no amulet)
HPRegen  0.10/turn              l - ring of poison resistance {rPois, !d}
MPRegen  0.09/turn              (no ring)

@: no status effects
A: negative energy resistance 1, electricity resistance, unbreathing,
petrification resistance, rot immunity, AC +4
a: no special abilities


You were on level 3 of the Dungeon.
You were not hungry.

You visited 1 branch of the dungeon, and saw 3 of its levels.

You collected 120 gold pieces.

Inventory:

Hand Weapons
 a - a +0 war axe (weapon)
Armour
 g - a +2 buckler (worn)
   (You found it on level 1 of the Dungeon)
 r - a +0 chain mail (worn)
   (You took it off a kobold on level 2 of the Dungeon)
Jewellery
 l - a ring of poison resistance (left hand) {rPois, !d}
   (You found it on level 1 of the Dungeon)
Wands
 p - a wand of paralysis (13)
   (You found it on level 2 of the Dungeon)
Scrolls
 e - 5 scrolls of identify {unknown}
 j - 3 scrolls of remove curse {unknown}
 k - a scroll of amnesia {unknown}
 m - 3 scrolls of random uselessness {unknown}
 n - a scroll of fog {unknown}
 q - a scroll of magic mapping {unknown}
Potions
 b - a potion of berserk rage {unknown}
 c - a potion of cancellation {unknown}
 d - a potion of might
 h - a potion of invisibility {unknown}
 i - 4 potions of curing {unknown}
 o - 2 potions of heal wounds {unknown}
 s - a potion of haste {unknown}
Comestibles
 f - 4 rations


   Skills:
 - Level 3.2 Fighting
 + Level 4.6 Axes
 - Level 3.2 Armour
 - Level 3.2 Shields


You had 4 spell levels left.
You didn't know any spells.

Dungeon Overview and Level Annotations

Branches:
Dungeon (3/15)

Altars:


Innate Abilities, Weirdness & Mutations

You are resistant to torment.
Your stone body is resilient. (AC +4)
You are immune to poison.
You resist negative energy. (rN+)
You are resistant to electric shocks. (rElec)
You can survive without breathing.
You are immune to petrification.
You are immune to rotting.


Message History

The orc wizard hits you but does no damage.
You hit the orc wizard. You barely miss the orc.
The orc wizard hits you but does no damage.
The orc hits you with a short sword. The orc wizard barely misses you.
You block the orc's attack. The orc wizard casts a spell at you.
The magic dart hits you!
You take 6 damage, and have 10/28 hp.
MASSIVE DAMAGE!!
You closely miss the orc wizard.
Your chain mail prevents you from hitting the orc.
The orc wizard hits you but does no damage.
The orc hits you but does no damage. You block the orc wizard's attack.
You block the orc's attack.
You hit the orc wizard. You hit the orc but do no damage.
The orc wizard barely misses you. The orc wizard hits you with a dagger.
The orc hits you but does no damage.
The orc wizard hits you but does no damage.
The orc hits you but does no damage.
You take 1 damage, and have 9/28 hp.
Your chain mail prevents you from hitting the orc wizard.
You hit the orc. You block the orc wizard's attack. You block the orc's attack.
The orc wizard hits you but does no damage.
The orc hits you but does no damage.
The orc wizard gestures wildly while chanting.
The orc wizard blinks!
You slash the orc!
You kill the orc!
You have reached level 5!
The orc wizard gestures wildly while chanting.
The orc wizard blinks!
The orc hits you but does no damage.
MP restored: 5 You closely miss the orc.
The orc hits you but does no damage.
The orc wizard mumbles some strange words.
The orc wizard blinks!
Your chain mail prevents you from hitting the orc.
The orc hits you but does no damage. You block the orc's attack.
Your chain mail prevents you from hitting the orc.
The orc hits you but does no damage. x2
You slash the orc!
You kill the orc!
The orc wizard gestures wildly while chanting.
The orc wizard blinks!
You block the leopard gecko's attack.
You hit the leopard gecko. The leopard gecko bites you.
The leopard gecko bites you but does no damage.
The leopard gecko barely misses you.
You take 2 damage, and have 10/32 hp.
You miss the leopard gecko.
You feel yourself speed up.
The orc wizard is no longer moving quickly.
The orc wizard gestures wildly while chanting.
The orc wizard blinks!
The leopard gecko bites you.
* * * LOW HITPOINT WARNING * * *
The orc wizard casts a spell.
The orc wizard seems to speed up.
The leopard gecko bites you but does no damage.
You take 2 damage, and have 8/32 hp.
You closely miss the leopard gecko.
The leopard gecko bites you but does no damage.
You hit the leopard gecko but do no damage.
The leopard gecko bites you but does no damage.
The leopard gecko bites you.
* * * LOW HITPOINT WARNING * * *
You take 1 damage, and have 8/32 hp.
You miss the leopard gecko.
The leopard gecko completely misses you.
The leopard gecko barely misses you.
You closely miss the leopard gecko.
The leopard gecko bites you but does no damage.
Your chain mail prevents you from hitting the leopard gecko.
You block the leopard gecko's attack.
You barely miss the leopard gecko. You block the leopard gecko's attack.
The leopard gecko bites you but does no damage.
Unknown command.
You hit the leopard gecko.
The leopard gecko bites you but does no damage.
You barely miss the leopard gecko. The leopard gecko barely misses you.
The orc wizard gestures wildly while chanting.
The orc wizard blinks!
The leopard gecko bites you.
* * * LOW HITPOINT WARNING * * *
You take 2 damage, and have 6/32 hp.
You slash the leopard gecko!
You kill the leopard gecko!
The orc wizard gestures at you while chanting.
The magic dart hits you!
Items here: ! )) = [[ †
Things that are here:
a hand axe; a leather armour; a scroll labeled NAILUU RUSK You closely miss the orc wizard.
The orc wizard hits you but does no damage.
The orc wizard casts a spell at you. The magic dart hits you!
* * * LOW HITPOINT WARNING * * *
You take 4 damage, and have 2/32 hp.
Your chain mail prevents you from hitting the orc wizard.
The orc wizard casts a spell.
The orc wizard blinks!
The orc wizard casts a spell at you. The magic dart hits you!
You die...

......................#
##...#.#####...(.......#
#....#.# #..##........#
...#(####.####.......#
... #.o.##...# #########
....#).##..###
#....o#>##
###.....#######
#.......§@)..#
#...#########..# #.#.
#..# ..... #.# ####.. .#
#. #


You could see an orc wizard.

Vanquished Creatures
  6 adders
  An ooze (D:2)
  5 worms
  2 leopard geckos
  4 orcs (D:3)
  2 ball pythons
  2 hobgoblins
  10 kobolds
  4 bats (D:2)
  5 frilled lizards
  4 goblins
  A rat (D:1)
46 creatures vanquished.

Notes
Turn   | Place    | Note
-------+----------+-------------------------------------------
     0 | D:1      | shakethe the Gargoyle Fighter began the quest for the Orb.
     0 | D:1      | Reached XP level 1. HP: 14/14 MP: 1/1
   294 | D:1      | Reached skill level 2 in Axes
   948 | D:1      | Reached XP level 2. HP: 19/19 MP: 2/2
  1345 | D:2      | Reached skill level 3 in Axes
  1402 | D:2      | Reached XP level 3. HP: 11/23 MP: 3/3
  1751 | D:2      | Reached XP level 4. HP: 26/28 MP: 4/4
  1822 | D:2      | Reached skill level 4 in Axes
  1849 | D:2      | Found a faded altar of an unknown god.
  2124 | D:3      | Reached XP level 5. HP: 11/32 MP: 5/5
  2130 | D:3      | HP: 8/32 [leopard gecko (2)]
  2138 | D:3      | HP: 6/32 [leopard gecko (3)]
  2142 | D:3      | HP: 2/32 [orc wizard/magic dart (4)]
  2143 | D:3      | Killed from afar by an orc wizard

Skill      XL: |  1  2  3  4 |
---------------+-------------+-----
Axes           | 2 3 4 |  4.6
Fighting       | |  3.2
Armour         | |  3.2
Shields        | |  3.2

Action                   |  1- 3 |  4- 6 || total
-------------------------+-------+-------++-------
Melee: War axe           |   105 |    94 ||   199
  Eat: Chunk             |     2 |     2 ||     4
Armor: Scale mail        |    72 |       ||    72
       Chain mail        |     3 |    84 ||    87
Dodge: Dodged            |    72 |    20 ||    92
Block: Buckler           |    41 |    31 ||    72
       Shield            |     5 |       ||     5

Vault maps used:
D:1:      evilmike_arrival_crescent
D:2:      minmay_door_path, chequers_ecumenical_altar_twisty
D:3:      first_ration, st_stairs_14, uniq_sigmund

Table legend:
 A = Turns spent in this place as a percentage of turns spent in the entire game.
 B = Non-inter-level travel turns spent in this place as a percentage of non-inter-level travel turns spent in the entire game.
 C = Inter-level travel turns spent in this place as a percentage of turns spent in this place.
 D = Turns resting spent in this place as a percentage of non-inter-level travel turns spent in this place.
 E = Turns spent auto-exploring this place as a percentage of non-inter-level travel turns spent in this place.
 F = Non-inter-level travel turns spent in this place divided by the number of levels of this place that you've seen.
                   A       B       C       D       E      F
               +-------+-------+-------+-------+-------+----------------------
         Total | 100.0 | 100.0 |   0.0 |  14.6 |  62.0 | 714.3
       Dungeon | 100.0 | 100.0 |   0.0 |  14.6 |  62.0 | 714.3
               +-------+-------+-------+-------+-------+----------------------

Table legend:
 A = Kills in this place as a percentage of kills in entire the game.
 B = Kills by you in this place as a percentage of kills by you in the entire game.
 C = Kills by friends in this place as a percentage of kills by friends in the entire game.
 D = Other kills in this place as a percentage of other kills in the entire game.
 E = Experience gained in this place as a percentage of experience gained in the entire game.
 F = Experience gained in this place divided by the number of levels of this place that you have seen.
                   A       B       C       D       E      F
               +-------+-------+-------+-------+-------+----------------------
         Total | 100.0 | 100.0 |   N/A |   N/A | 100.0 |  57.0
       Dungeon | 100.0 | 100.0 |   N/A |   N/A | 100.0 |  57.0
               +-------+-------+-------+-------+-------+----------------------
